 Dungeon Crawl Stone Soup version 0.27-a0-1301-g128193abf8 (webtiles) character file.

Game seed: 13731056001410694115

301 funkygono the Shield-Bearer (level 6, -4/48 HPs)
             Began as a Formicid Fighter on June 17, 2021.
             Slain by a gnoll (11 damage)
             ... on level 4 of the Dungeon.
             The game lasted 00:05:28 (4799 turns).

funkygono the Shield-Bearer (Formicid Fighter)      Turns: 4799, Time: 00:05:29

Health: -4/48      AC:  7    Str: 23    XL:     6   Next: 64%
Magic:  6/6        EV:  9    Int:  7    God:
Gold:   150        SH: 11    Dex: 10    Spells: 5/5 levels left

rFire    . . .     SeeInvis +   a - +0 flail
rCold    . . .     Faith    .   c - +1 kite shield
rNeg     . . .     Spirit   .   b - +0 scale mail
rPois    .         Reflect  .   (helmet unavailable)
rElec    .         Harm     .   (no cloak)
rCorr    .         Rampage  .   (no gloves)
Will     .....                  (no boots)
Stlth    ..........             e - amulet of magic regeneration
HPRegen  0.16/turn              (no ring)
MPRegen  0.35/turn              (no ring)

@: no status effects
A: permanent stasis, dig shafts and tunnels, antennae 3, four strong arms
a: Dig, Shaft Self


You were on level 4 of the Dungeon.
You visited 1 branch of the dungeon, and saw 4 of its levels.
You also visited: Sewer.

You collected 150 gold pieces.

Inventory:

Hand Weapons
 a - a +0 flail (weapon)
Missiles
 j - 23 bolts
Armour
 b - a +0 scale mail (worn)
 c - a +1 kite shield (worn)
Jewellery
 e - an amulet of magic regeneration (around neck)
Wands
 g - a wand of iceblast (11)
 n - a wand of paralysis (9)
Scrolls
 h - 2 scrolls of identify
 i - a scroll of amnesia
 k - a scroll of fear {unknown}
 l - 2 scrolls of fog
 q - a scroll of acquirement {unknown}
Potions
 d - 2 potions of might
 f - 2 potions of ambrosia
 m - 3 potions of flight {unknown}
 o - a potion of invisibility {unknown}
 p - a potion of mutation {unknown}
 r - 2 potions of lignification {unknown}


   Skills:
 + Level 4.1 Fighting
 + Level 3.9 Maces & Flails
 + Level 4.5 Armour
 + Level 1.6 Dodging
 + Level 5.0 Shields


You had 5 spell levels left.
You didn't know any spells.
Your spell library contained the following spells:

 Spells                   Type           Power      Damage    Failure   Level
 Corona                   Hex            0%         N/A       95%         1
 Ensorcelled Hibernation  Hex/Ice        0%         N/A       99%         2
 Slow                     Hex            0%         N/A       99%         2
 Confusing Touch          Hex            0%         N/A       100%        3
 Dazzling Flash           Conj/Hex       0%         N/A       100%        3
 Inner Flame              Hex/Fire       0%         N/A       100%        3
 Portal Projectile        Hex/Tloc       0%         N/A       100%        3
 Tukima's Dance           Hex            0%         N/A       100%        3
 Cause Fear               Hex            0%         N/A       100%        4
 Leda's Liquefaction      Hex/Erth       0%         N/A       100%        4


Dungeon Overview and Level Annotations

Branches:
Dungeon (4/15)              Sewer (visited)
 Temple: D:4-7

Altars:

Shops:
D:2 *

Annotations:
D:3 2 transporters


Innate Abilities, Weirdness & Mutations

You cannot be hasted, slowed, berserked, paralysed or teleported.
You can dig through walls and to a lower floor.
You have a pair of large antennae on your head. (SInv)
Your four strong arms can wield two-handed weapons with a shield.


Message History

The gnoll is heavily wounded.
The gnoll hits you with a +0 club. You block the gnoll's attack.
You thump the gnoll!
You kill the gnoll!
You block the gnoll's attack. You block the gnoll's attack.
Things that are here:
a +0 club; a +0 flail; a gnoll corpse You thump the gnoll!
The gnoll is almost dead.
The gnoll misses you. The gnoll hits you with a +0 halberd.
You closely miss the gnoll.
The gnoll is almost dead.
You block the gnoll's attack.
You barely miss the gnoll.
The gnoll is almost dead.
The gnoll hits you with a +0 halberd!
* * * LOW HITPOINT WARNING * * *
You barely miss the gnoll.
The gnoll is almost dead.
The gnoll barely misses you. The gnoll hits you with a +0 halberd.
* * * LOW HITPOINT WARNING * * *
You thump the gnoll!
You kill the gnoll!
You closely miss the gnoll. The gnoll hits you but does no damage.
The gnoll hits you with a +0 flail.
* * * LOW HITPOINT WARNING * * *
You hit the gnoll.
The gnoll is lightly wounded.
The gnoll closely misses you.
You hit the gnoll but do no damage.
The gnoll is lightly wounded.
You block the gnoll's attack.
You hit the gnoll but do no damage.
The gnoll is lightly wounded.
You block the gnoll's attack. x2
You sock the gnoll!
The gnoll is almost dead.
The gnoll hits you with a +0 flail!
You die...

....###.#........................
....# #.##......####...#####.....
##### #.##......# #.........####
#.######### ##...####### #.#
#.....# #######.# #.###.## ###
........# #.# #..# #.. .########
#######.###.## #.# .#
#..g@.......# ##### .#
#####.#####.##.## ##.≈≈≈ .#
#..............#####..≈≈≈ ##
#..##g...##.##....†÷..≈≈≈
#.....g..##.##.##########
#..#........##.# #)......######.#
#...#..># ..# #.#...#.# .##


You could see a gnoll.

Vanquished Creatures
  A black bear (D:4)
  A centaur skeleton (D:4)
  3 gnolls (D:4)
  4 adders
  3 worms (Sewer)
  A dart slug (D:1)
  2 orcs (D:4)
  9 bats
  8 endoplasms
  6 giant cockroaches
  4 goblins
  8 hobgoblins
  18 jackals
  4 quokkas
  10 ball pythons
  5 frilled lizards
  7 kobolds
  4 rats
98 creatures vanquished.

Notes
Turn   | Place    | Note
-------+----------+-------------------------------------------
     0 | D:1      | funkygono the Formicid Fighter began the quest for the Orb.
     0 | D:1      | Reached XP level 1. HP: 18/18 MP: 1/1
   199 | D:1      | Reached XP level 2. HP: 5/24 MP: 2/2
   207 | D:1      | HP: 1/24 [jackal (2)]
   667 | D:1      | Reached skill level 4 in Shields
   836 | D:1      | Reached XP level 3. HP: 29/29 MP: 3/3
  1687 | D:2      | Found Juamm's General Store.
  1987 | D:2      | Reached XP level 4. HP: 27/37 MP: 4/4
  3102 | D:3      | Found a transporter.
  3118 | D:3      | Found a transporter.
  3536 | D:4      | Noticed a black bear
  3551 | D:4      | Killed a black bear
  3552 | D:4      | Reached skill level 1 in Dodging
  3552 | D:4      | Reached XP level 5. HP: 14/42 MP: 5/5
  3554 | D:4      | Reached XP level 6. HP: 17/48 MP: 6/6
  3928 | D:4      | Found a glowing drain.
  3974 | Sewer    | Entered a sewer
  4556 | D:4      | Reached skill level 5 in Shields
  4799 | D:4      | Slain by a gnoll

Illustrated notes

Levels and vault maps discovered:
D:1:      sevenhm_arrival_forest_fort_small_4, layout_loops_ring
D:2:      minmay_general_purpose_star, layout_loops_ring, serial_shops, shop,
          minmay_tripent
D:3:      gammafunk_steamed_eel, layout_basic, st_stairs_4, grunt_ministairs_15
D:4:      layout_loops_cross, portal_sewer_entry_f, kennysheep_generic_room_6

Skill      XL: |  1  2  3  4  5  6 |
---------------+-------------------+-----
Shields        | 4 5 |  5.0
Armour         | 4 |  4.5
Maces & Flails | 3 |  3.9
Dodging        | 1 |  1.6
Fighting       | 4 |  4.1

Action                   |  1- 3 |  4- 6 || total
-------------------------+-------+-------++-------
Melee: Flail             |   140 |   237 ||   377
  Use: Scroll            |     1 |     9 ||    10
Armor: Scale mail        |    64 |   116 ||   180
Dodge: Dodged            |    63 |    89 ||   152
Block: Kite shield       |    70 |   196 ||   266

Table legend: (Time is in decaauts)
 A = Elapsed time spent in this place.
 B = Non-inter-level travel time spent in this place.
 C = Inter-level travel time spent in this place.
 D = Time resting spent in this place.
 E = Time spent auto-exploring this place.
 F = Levels seen in this place.
 G = Mean time per level.
                   A        B        C        D        E       F      G
               +--------+--------+--------+--------+--------+-----+--------+
         Total |   5054 |   4951 |    103 |      0 |   4016 |   5 | 1010.8 |
       Dungeon |   4495 |   4392 |    103 |      0 |   3674 |   4 | 1123.8 |
         Sewer |    558 |    558 |      0 |      0 |    342 |   1 |  558.0 |
               +--------+--------+--------+--------+--------+-----+--------+

Top non-repeatable levels by time:
     D:1: 1345 daAuts
     D:2: 1239 daAuts
     D:3: 1011 daAuts
     D:4: 898 daAuts
   Sewer: 558 daAuts
